 Dungeon Crawl Stone Soup version 0.25.1-2-g60ff931df9 (webtiles) character file.

Game seed: 17964792798611402998

7433 lepoulpe303 the Transmogrifier (level 10, 0/46 HPs)
             Began as a Spriggan Venom Mage on Aug 17, 2020.
             Was a Believer of Ashenzari.
             Slain by a blink frog (18 damage)
             ... on level 1 of the Lair of Beasts.
             The game lasted 00:50:39 (11781 turns).

lepoulpe303 the Transmogrifier (SpVM)              Turns: 11781, Time: 00:50:39

Health: 0/46       AC:  7    Str:  4    XL:     10   Next: 93%
Magic:  20/24      EV: 24    Int: 21    God:    Ashenzari [**....]
Gold:   221        SH:  0    Dex: 16    Spells: 11/28 levels left

rFire    + . .     SeeInvis +   a - +3 short sword (distort) {!w}
rCold    . . .     Gourm    .   (shield restricted)
rNeg     . . .     Faith    .   z - +2 robe {rF+} (curse) {rF+}
rPois    .         Spirit   .   t - +0 hat
rElec    .         Reflect  .   y - +2 cloak
rCorr    .         Harm     .   (gloves unavailable)
MR       +....                  (boots unavailable)
Stlth    +++++.....             (no amulet)
HPRegen  0.15/turn              Q - ring of stealth (curse) {Stlth+}
MPRegen  0.19/turn              (no ring)

@: very quick
A: very small, unfitting armour, see invisible, herbivore, speed 3, slow
metabolism 2
a: Curse Item, Scrying, Renounce Religion


You were on level 1 of the Lair of Beasts.
You worshipped Ashenzari.
Ashenzari was pleased with you.
You were hungry.

You visited 3 branches of the dungeon, and saw 10 of its levels.

You collected 455 gold pieces.
You spent 234 gold pieces at shops.

Inventory:

Hand Weapons
 a - a +3 short sword of distortion (weapon) {!w}
 b - a +0 dagger of venom
 c - a +2 short sword of flaming
Missiles
 o - 67 poisoned darts (quivered)
 x - 5 silver boomerangs
Armour
 t - a +0 hat (worn)
 w - a +0 robe of magic resistance {MR+}
 y - a +2 cloak (worn)
 z - a cursed +2 robe of fire resistance (worn) {rF+}
Jewellery
 Q - a cursed ring of stealth (left hand) {Stlth+}
Wands
 v - a wand of acid (18)
 D - a wand of flame (17)
 E - a wand of disintegration (16)
 F - a wand of paralysis (8)
Scrolls
 f - 3 scrolls of amnesia
 g - 4 scrolls of fog {unknown}
 i - 2 scrolls of identify
 j - 2 scrolls of fear {unknown}
 k - a scroll of immolation {!r}
 m - 3 scrolls of teleportation
 s - a scroll of random uselessness
 A - a scroll of magic mapping {!r}
 B - a scroll of blinking {!r}
 C - a scroll of acquirement {unknown}
 H - a scroll of silence {unknown}
Potions
 d - 2 potions of mutation {!q}
 h - 2 potions of flight
 l - 7 potions of heal wounds
 n - 2 potions of resistance
 p - 3 potions of stabbing
 q - 3 potions of curing
 r - a potion of invisibility
 u - a potion of brilliance
 G - a potion of berserk rage {unknown}
Comestibles
 e - 12 rations


   Skills:
 + Level 1.7 Fighting
 + Level 5.4 Short Blades
 + Level 8.2 Dodging
 + Level 8.8 Stealth
 * Level 9.6 Spellcasting
 + Level 5.3 Hexes
 * Level 10.0 Transmutations
 * Level 8.2 Poison Magic


You had 11 spell levels left.
You knew the following spells:

 Your Spells              Type           Power        Failure   Level  Hunger
a - Sting                 Tmut/Pois      ####         1%          1    None
b - Poisonous Vapours     Pois/Air       ####..       1%          2    None
c - Ignite Poison         Fire/Tmut/Pois #####...     1%          3    None
d - Olgreb's Toxic Radia  Pois           #####...     2%          4    ##.....
e - Summon Guardian Gole  Hex/Summ       ###.....     7%          3    None
v - Corona                Hex            ####...      1%          1    None
x - Mephitic Cloud        Conj/Pois/Air  ###.....     7%          3    None

Your spell library contained the following spells:

 Spells                   Type           Power        Failure   Level  Hunger
 Animate Skeleton         Necr           N/A          7%          1    None
 Apportation              Tloc           ##....       7%          1    None
 Summon Small Mammal      Summ           ##..         7%          1    None
 Call Imp                 Summ           ##......     11%         2    None
 Call Canine Familiar     Summ           ##......     21%         3    None
 Summon Ice Beast         Ice/Summ       ##......     56%         4    ##.....
 Summon Lightning Spire   Summ/Air       ##......     56%         4    ##.....


Dungeon Overview and Level Annotations

Branches:
Dungeon (8/15)             Temple (1/1) D:5            Lair (1/6) D:8

Altars:
Ashenzari
Cheibriados
Dithmenos
Elyvilon
Fedhas
Gozag
Hepliaklqana
Kikubaaqudgha
Makhleb
Nemelex Xobeh
Okawaru
Qazlal
Ru
Sif Muna
Trog
Uskayaw
Vehumet
Wu Jian
Xom
Yredelemnul
Zin
The Shining One

Shops:
D:4 %!(*(   D:5 :   D:8 !=}:


Innate Abilities, Weirdness & Mutations

You are very small and have problems with some larger weapons.
You are too small for most types of armour.
You have supernaturally acute eyesight. (SInv)
You are a herbivore.
You cover ground extremely quickly.
You need to consume almost no food.


Message History

You now have 19/24 mp.
You barely miss the blink frog. The blink frog misses you.
The blink frog blinks!
The blink frog is engulfed in noxious fumes.
The blink frog appears confused.
The blink frog hits your guardian golem!
The blink frog blinks!
You hit the blink frog.
The blink frog blinks!
The blink frog hits you.
* * * LOW HITPOINT WARNING * * *
The blink frog blinks!
You take 1 damage, and have 17/46 hp.
You miss the blink frog. The blink frog barely misses you.
You hit the blink frog.
Space bends around the blink frog.
The blink frog blinks!
The blink frog closely misses you.
You miss the blink frog. The blink frog misses you.
You barely miss the blink frog. The blink frog misses you.
You miss the blink frog. The blink frog completely misses you.
The blink frog is engulfed in noxious fumes.
The blink frog hits you!!
You die...

#...##........##.....#.#.P#*
..............##....##....#*
* #...##........##....##....#
#...##........##....##....#
#....#........##....##....#*,
....######....##....F#..##*
#.... #######○..8#..#.##.. ,
, ......F.F...§.......# ,
.......@............#
#########.####.###### ### *##


You could see 3 blink frogs and a friendly guardian golem (summoned).

Levels and vault maps discovered:
D:1:      lightli_arrival_statuegarden, layout_rooms,
          hangedman_decor_diamond_cutter
D:2:      layout_loops_ring, minmay_misc_feat_secret_circle, bloody_makhleb
D:3:      cheibrodos_old_hovel, layout_basic, first_ration
D:4:      layout_loops_corners, serial_shops, shop, shop, shop, shop, shop,
          kennysheep_doodads, kennysheep_crisscross, uniq_sigmund
D:5:      layout_rooms, minmay_temple_entry_antechambers, serial_shops,
          nicolae_shop_stone, uniq_duvessa, uniq_ijyb
D:6:      layout_cave_pools, hangedman_decor_lopped
D:7:      layout_rooms
D:8:      layout_basic, trog_eyes_of_draining, minmay_lair_entry_grove,
          basic_altar, serial_shops, nicolae_shop_behind_doors, shop,
          kennysheep_mini, nicolae_shop_statue_plus
Temple:   grunt_wide_crystal_templ
Lair:1:   layout_regular_city, serial_bayou_pond_b, beast_lair_carwin_7

Notes
Turn   | Place    | Note
-------+----------+-------------------------------------------
     0 | D:1      | lepoulpe303 the Spriggan Venom Mage began the quest for the
                  | Orb.
     0 | D:1      | Reached XP level 1. HP: 9/9 MP: 5/5
    37 | D:1      | Identified a +0 club
    40 | D:1      | Identified a cursed -3 club
    62 | D:1      | Reached XP level 2. HP: 10/13 MP: 0/6
    95 | D:1      | Reached skill level 3 in Spellcasting
   129 | D:1      | Reached skill level 2 in Transmutations
   217 | D:1      | Identified a +0 whip
   294 | D:1      | Identified a cursed -2 club
   310 | D:1      | Reached XP level 3. HP: 16/16 MP: 4/8
   314 | D:1      | Learned a level 2 spell: Poisonous Vapours
   318 | D:1      | Learned a level 3 spell: Ignite Poison
   329 | D:1      | Identified a +0 club
   336 | D:1      | Identified a +0 whip
   415 | D:1      | Identified a scroll of amnesia
   431 | D:1      | Identified a +0 club
   433 | D:1      | Identified a +0 club
   450 | D:1      | Identified a scroll of remove curse
   458 | D:1      | Identified a +0 club
   656 | D:2      | Found a burning altar of Makhleb.
   661 | D:2      | Identified a +0 spear
   704 | D:2      | Identified a +0 halberd
   705 | D:2      | Identified a +0 spear
   739 | D:2      | Reached XP level 4. HP: 19/21 MP: 3/10
   900 | D:2      | Reached skill level 3 in Transmutations
   905 | D:2      | Learned a level 3 spell: Mephitic Cloud
   970 | D:2      | Reached skill level 4 in Spellcasting
  1024 | D:2      | Identified a +0 dagger
  1024 | D:2      | Identified a +0 chain mail
  1217 | D:2      | Reached XP level 5. HP: 24/24 MP: 12/12
  1222 | D:2      | Identified a +0 club
  1381 | D:2      | Identified a +0 cloak (You found it on level 2 of the
                  | Dungeon)
  1714 | D:3      | Identified a +0 club
  1772 | D:3      | Identified a +0 dagger
  1898 | D:3      | Identified a +0 dagger
  2092 | D:3      | Reached skill level 4 in Poison Magic
  2118 | D:3      | Identified a +0 short sword
  2119 | D:3      | Identified a +0 whip
  2224 | D:3      | Reached skill level 4 in Stealth
  2268 | D:3      | Identified a cursed +0 whip
  2268 | D:3      | Identified a +0 mace
  2269 | D:3      | Identified a +2 flail of venom
  2269 | D:3      | Identified a +0 club
  2307 | D:3      | HP: 5/24 [orc/+2 flail of venom (7)]
  2729 | D:3      | Identified 2 scrolls of identify
  2729 | D:3      | Identified a +0 dagger of venom (You found it on level 1 of
                  | the Dungeon)
  2732 | D:3      | Identified a ring of stealth (You found it on level 2 of
                  | the Dungeon)
  2998 | D:3      | Identified a +2 short sword of flaming
  3134 | D:4      | Identified a +0 dagger
  3134 | D:4      | Identified a +0 robe
  3138 | D:4      | Reached skill level 4 in Dodging
  3139 | D:4      | Identified a +0 chain mail
  3139 | D:4      | Identified a +0 whip
  3143 | D:4      | Reached skill level 4 in Transmutations
  3143 | D:4      | Reached XP level 6. HP: 28/28 MP: 13/13
  3153 | D:4      | Reached skill level 1 in Short Blades
  3159 | D:4      | Learned a level 4 spell: Olgreb's Toxic Radiance
  3258 | D:4      | Found Mepp's Weapon Shoppe.
  3258 | D:4      | Found Yptutzib's General Store.
  3265 | D:4      | Found Otaxkuy's Weapon Shop.
  3296 | D:4      | Bought a scroll of teleportation for 39 gold pieces
  3313 | D:4      | Found Futouc's Food Shoppe.
  3355 | D:4      | Identified a +0 halberd
  3355 | D:4      | Identified a +0 flail
  3356 | D:4      | Identified a +0 spear
  3610 | D:4      | Found Uleorph's Distillery.
  3668 | D:4      | Bought a potion of heal wounds for 55 gold pieces
  3777 | D:4      | Identified 2 potions of resistance
  3778 | D:4      | Identified 2 potions of stabbing
  3829 | D:4      | Identified a +0 ring mail
  3830 | D:4      | Identified a +0 dagger
  3830 | D:4      | Identified a +0 ring mail
  3832 | D:4      | Identified a +0 leather armour
  3836 | D:4      | Identified a +0 scythe
  3836 | D:4      | Identified a +2 robe of fire resistance
  3836 | D:4      | Noticed Sigmund
  3847 | D:4      | Identified a +4 morningstar of protection
  3901 | D:4      | Killed Sigmund
  3901 | D:4      | Reached skill level 5 in Spellcasting
  3901 | D:4      | Reached XP level 7. HP: 25/32 MP: 6/15
  4116 | D:4      | Reached skill level 5 in Transmutations
  4207 | D:4      | Learned a level 1 spell: Corona
  4223 | D:4      | Identified a +0 hand axe
  4223 | D:4      | Identified a +0 leather armour
  4224 | D:4      | Identified a +0 dagger
  4224 | D:4      | Identified a +0 ring mail
  4224 | D:4      | Identified a +0 hand axe
  4224 | D:4      | Identified a +0 scale mail
  4406 | D:4      | Identified a +0 dagger
  4406 | D:4      | Identified a +0 robe
  4418 | D:4      | Reached skill level 5 in Stealth
  4427 | D:4      | Reached skill level 2 in Short Blades
  4448 | D:4      | lepoulpe303: !whichgod spvm
  4448 | D:4      | meem: 52 recent wins for spvm: 37x Ashenzari, 7x Gozag, 3x
                  | Dithmenos, 2x Vehumet, Sif Muna, Fedhas, Okawaru
  4543 | D:4      | Identified a cursed -3 spear
  4544 | D:4      | Identified a +1 flail of holy wrath
  4862 | D:5      | Entered Level 5 of the Dungeon
  4871 | D:5      | Identified a +0 dagger
  4871 | D:5      | Identified a +0 robe
  4871 | D:5      | Identified a +0 flail
  4873 | D:5      | Identified a +0 dagger
  4873 | D:5      | Identified a +0 robe
  4900 | D:5      | Reached skill level 5 in Poison Magic
  5029 | D:5      | Found the +8 trident of the Octopus King {venom, rElec
                  | rPois MR+}
  5110 | D:5      | Identified a potion of curing
  5111 | D:5      | Identified a potion of mutation
  5115 | D:5      | Found Calojot's Book Shoppe.
  5119 | D:5      | Reached skill level 1 in Hexes
  5122 | D:5      | Identified a +3 short sword of distortion
  5122 | D:5      | Identified a +0 leather armour
  5122 | D:5      | Noticed Duvessa
  5142 | D:5      | HP: 7/32 [killer bee zombie (7)]
  5526 | D:5      | Reached skill level 5 in Dodging
  5544 | D:5      | Found a staircase to the Ecumenical Temple.
  5557 | Temple   | Entered the Ecumenical Temple
  5656 | Temple   | Became a worshipper of Ashenzari the Shackled
  5683 | D:5      | Identified a +0 ring mail
  5685 | D:5      | Identified a +0 hand axe
  5685 | D:5      | Identified a +0 scale mail
  5765 | D:5      | Identified a +0 hat (You found it on level 5 of the
                  | Dungeon)
  5776 | D:5      | Identified a +0 scale mail
  5777 | D:5      | Identified a +0 robe
  5823 | D:5      | Identified a +0 dagger
  5823 | D:5      | Identified a +0 scale mail
  5823 | D:5      | Noticed Ijyb
  5855 | D:5      | Killed Ijyb
  5959 | D:5      | Identified a +0 hand axe
  5959 | D:5      | Identified a +0 leather armour
  5963 | D:5      | Reached skill level 6 in Spellcasting
  5963 | D:5      | Reached XP level 8. HP: 36/36 MP: 16/18
  6026 | D:5      | Identified a +0 dagger
  6026 | D:5      | Identified a +0 robe
  6026 | D:5      | Noticed Dowan
  6047 | D:5      | Killed Duvessa
  6047 | D:5      | Reached skill level 6 in Transmutations
  6060 | D:5      | Killed Dowan
  6092 | D:5      | Identified a +0 scale mail
  6092 | D:5      | Identified a +0 leather armour
  6092 | D:5      | Identified a +0 leather armour (You found it on level 1 of
                  | the Dungeon)
  6092 | D:5      | Identified a +0 plate armour
  6092 | D:5      | Identified a +0 leather armour
  6092 | D:5      | Identified a +0 robe
  6092 | D:5      | Identified a +0 leather armour (You found it on level 2 of
                  | the Dungeon)
  6092 | D:5      | Identified a +0 ring mail
  6092 | D:5      | Identified a +0 ring mail
  6092 | D:5      | Identified a +0 robe (You found it on level 5 of the
                  | Dungeon)
  6133 | D:6      | Identified a +0 scale mail
  6161 | D:6      | Identified a +2 cloak (You found it on level 6 of the
                  | Dungeon)
  6221 | D:6      | Identified a +0 flail
  6223 | D:6      | Identified a +0 whip
  6223 | D:6      | Identified a +0 ring mail
  6225 | D:6      | Identified a +0 dagger
  6225 | D:6      | Identified a +0 chain mail
  6225 | D:6      | Identified a +0 dagger
  6274 | D:6      | Identified a +0 robe
  6277 | D:6      | Reached skill level 2 in Hexes
  6298 | D:6      | Identified a +0 dagger
  6298 | D:6      | Identified a +0 robe
  6300 | D:6      | Identified a +0 dagger
  6300 | D:6      | Identified a +0 club
  6301 | D:6      | Identified a +0 hand axe
  6301 | D:6      | Identified a +0 ring mail
  6301 | D:6      | Identified a +0 whip
  6301 | D:6      | Identified a cursed +0 leather armour
  6487 | D:6      | Identified a +0 hand axe
  6639 | D:6      | Identified a cursed -4 ring of dexterity
  6733 | D:6      | Reached skill level 3 in Short Blades
  6733 | D:6      | Reached skill level 6 in Stealth
  6738 | D:6      | Identified a +0 dagger
  6738 | D:6      | Identified a +0 ring mail
  6748 | D:6      | Identified a +0 flail
  6748 | D:6      | Identified a +0 leather armour
  6773 | D:6      | Identified a +0 dagger
  6773 | D:6      | Identified a cursed +0 leather armour
  6773 | D:6      | Identified a +0 short sword
  6773 | D:6      | Identified a +0 ring mail
  7131 | D:7      | Identified an amulet of inaccuracy
  7131 | D:7      | Identified a +0 short sword
  7131 | D:7      | Identified a +0 plate armour
  7131 | D:7      | Identified a +0 dagger
  7131 | D:7      | Identified a +0 leather armour
  7131 | D:7      | Identified a +0 mace
  7131 | D:7      | Identified a +0 ring mail
  7137 | D:7      | Noticed a hippogriff
  7186 | D:7      | Reached * piety under Ashenzari
  7189 | D:7      | Identified a +0 ring mail
  7235 | D:6      | Killed a hippogriff
  7235 | D:6      | Reached skill level 6 in Dodging
  7235 | D:6      | Reached skill level 7 in Spellcasting
  7235 | D:6      | Reached skill level 7 in Transmutations
  7235 | D:6      | Reached skill level 6 in Poison Magic
  7261 | D:7      | Identified a +0 flail
  7262 | D:7      | Identified a cursed +0 plate armour
  7262 | D:7      | Identified a +4 dagger
  7262 | D:7      | Identified a +0 ring mail
  7271 | D:7      | Identified a +0 leather armour
  7275 | D:7      | Identified a +0 trident
  7275 | D:7      | Identified a +0 leather armour
  7281 | D:7      | Identified a +0 mace
  7418 | D:7      | Identified a +0 flail
  7445 | D:7      | Identified a cursed +0 robe
  7459 | D:7      | Reached XP level 9. HP: 39/39 MP: 15/20
  7575 | D:7      | Identified a +2 hand axe of flaming
  7575 | D:7      | Identified a cursed -3 dagger
  7575 | D:7      | Identified a +0 robe of magic resistance
  7580 | D:7      | Identified a +0 ring mail
  7583 | D:7      | Identified a +0 trident
  7722 | D:7      | Identified a +0 mace
  7722 | D:7      | Identified a +0 ring mail
  7723 | D:7      | Reached skill level 3 in Hexes
  7724 | D:7      | Identified a +0 short sword
  7724 | D:7      | Identified a cursed +0 leather armour
  7730 | D:7      | Identified a +0 dagger
  7730 | D:7      | Identified a +0 leather armour
  7851 | D:7      | Identified 2 scrolls of blinking
  7872 | D:7      | Identified 2 potions of flight
  7873 | D:7      | Identified 2 potions of degeneration
  7875 | D:7      | Identified a potion of invisibility
  7876 | D:7      | Identified a potion of brilliance
  7881 | D:7      | Identified a +4 hand axe
  7881 | D:7      | Identified a +0 robe
  7882 | D:7      | Identified a +1 scale mail of positive energy
  7882 | D:7      | Identified a cursed +0 spear
  7882 | D:7      | Identified a +0 robe
  7955 | D:7      | Identified a +4 falchion
  7955 | D:7      | Identified a +0 robe
  7964 | D:7      | Identified a cursed +4 falchion
  7964 | D:7      | Identified a +0 robe
  8052 | D:7      | Identified a +0 leather armour
  8246 | D:8      | Found Fiffuek's Book Shop.
  8263 | D:8      | Identified a cursed +3 long sword of freezing
  8263 | D:8      | Identified a +0 robe
  8264 | D:8      | Identified a +3 halberd
  8264 | D:8      | Identified a cursed +0 robe
  8265 | D:8      | Found Kuxotus's Jewellery Emporium.
  8280 | D:8      | Identified a +0 leather armour
  8281 | D:8      | Identified a +3 battleaxe
  8281 | D:8      | Identified a cursed +0 robe
  8307 | D:8      | Identified a +4 scimitar of freezing
  8307 | D:8      | Identified a +0 robe
  8310 | D:8      | Identified a +3 falchion of freezing
  8310 | D:8      | Identified a +0 robe
  8351 | D:8      | Found a bloodstained altar of Trog.
  8351 | D:8      | Identified a +0 antimagic spear
  8351 | D:8      | Identified a +0 arbalest
  8372 | D:8      | Reached skill level 4 in Short Blades
  8372 | D:8      | Reached skill level 7 in Stealth
  8600 | D:8      | Reached skill level 8 in Transmutations
  8607 | D:8      | Reached skill level 8 in Spellcasting
  8623 | D:8      | Found a staircase to the Lair.
  8633 | D:8      | Reached skill level 7 in Poison Magic
  8882 | D:8      | Noticed an unseen horror
  8895 | D:8      | Banished an unseen horror
  8895 | D:8      | Reached skill level 7 in Dodging
  8895 | D:8      | Reached skill level 4 in Hexes
  8994 | D:8      | Found a hazy altar of Hepliaklqana.
  9040 | D:8      | Found Raugg's Gadget Shoppe.
  9085 | D:8      | Identified a +0 leather armour
  9096 | D:8      | Identified a +0 club
  9096 | D:8      | Identified a +0 leather armour
  9224 | D:8      | Identified a +0 club
  9278 | D:8      | Found Cigyof's Distillery.
  9282 | D:8      | Bought a potion of heal wounds for 70 gold pieces
  9282 | D:8      | Bought a potion of heal wounds for 70 gold pieces
  9330 | D:8      | Identified a +0 rapier
  9337 | D:8      | Identified a scroll of immolation
  9338 | D:8      | Identified a scroll of random uselessness
  9339 | D:8      | Identified a scroll of magic mapping
  9528 | Lair:1   | Entered Level 1 of the Lair of Beasts
  9532 | Lair:1   | Reached XP level 10. HP: 44/44 MP: 23/23
  9541 | Lair:1   | Noticed a spiny frog
  9544 | Lair:1   | Noticed a spiny frog
  9559 | D:8      | Banished a spiny frog
  9583 | D:8      | Killed a spiny frog
  9767 | Lair:1   | Reached skill level 9 in Transmutations
  9788 | Lair:1   | Reached ** piety under Ashenzari
  9800 | Lair:1   | Reached skill level 8 in Stealth
 10335 | D:8      | Found Kuxotus's Jewellery Emporium.
 10365 | D:8      | Found a bloodstained altar of Trog.
 10378 | D:8      | Reached skill level 9 in Spellcasting
 10384 | D:8      | Reached skill level 5 in Short Blades
 10395 | D:8      | Reached skill level 1 in Fighting
 10636 | D:8      | Found Cigyof's Distillery.
 10669 | D:8      | Found Raugg's Gadget Shoppe.
 10706 | D:8      | Found a hazy altar of Hepliaklqana.
 10791 | D:8      | Found Fiffuek's Book Shop.
 11099 | Lair:1   | Noticed a spiny frog
 11111 | Lair:1   | Killed a spiny frog
 11111 | Lair:1   | Reached skill level 5 in Hexes
 11340 | Lair:1   | Identified a +0 ring mail
 11344 | Lair:1   | Reached skill level 8 in Poison Magic
 11349 | Lair:1   | Learned a level 3 spell: Summon Guardian Golem
 11399 | Lair:1   | Noticed a spiny frog
 11422 | Lair:1   | Reached skill level 8 in Dodging
 11426 | Lair:1   | Killed a spiny frog
 11751 | Lair:1   | Identified the cursed +0 scale mail of Zuag {rF+ rN+}
 11768 | Lair:1   | Reached skill level 10 in Transmutations
 11781 | Lair:1   | Slain by a blink frog

Table legend:
 A = Turns spent in this place as a percentage of turns spent in the entire game.
 B = Non-inter-level travel turns spent in this place as a percentage of non-inter-level travel turns spent in the entire game.
 C = Inter-level travel turns spent in this place as a percentage of turns spent in this place.
 D = Turns resting spent in this place as a percentage of non-inter-level travel turns spent in this place.
 E = Turns spent auto-exploring this place as a percentage of non-inter-level travel turns spent in this place.
 F = Non-inter-level travel turns spent in this place divided by the number of levels of this place that you've seen.
                   A       B       C       D       E      F
               +-------+-------+-------+-------+-------+----------------------
         Total | 100.0 | 100.0 |   3.0 |  34.8 |  38.3 | 1143.0
       Dungeon |  90.9 |  90.6 |   3.2 |  33.1 |  39.9 | 1295.0
        Temple |   0.9 |   0.9 |   6.4 |   0.0 |  65.7 | 102.0
          Lair |   8.2 |   8.5 |   0.0 |  56.3 |  18.0 | 968.0
               +-------+-------+-------+-------+-------+----------------------

Table legend:
 A = Kills in this place as a percentage of kills in entire the game.
 B = Kills by you in this place as a percentage of kills by you in the entire game.
 C = Kills by friends in this place as a percentage of kills by friends in the entire game.
 D = Other kills in this place as a percentage of other kills in the entire game.
 E = Experience gained in this place as a percentage of experience gained in the entire game.
 F = Experience gained in this place divided by the number of levels of this place that you have seen.
                   A       B       C       D       E      F
               +-------+-------+-------+-------+-------+----------------------
         Total | 100.0 | 100.0 |   N/A | 100.0 | 100.0 | 1061.9
       Dungeon |  92.9 |  94.0 |   N/A |  81.0 |  70.4 | 934.8
          Lair |   7.1 |   6.0 |   N/A |  19.0 |  29.6 | 3141.0
               +-------+-------+-------+-------+-------+----------------------

Skill      XL: |  1  2  3  4  5  6  7  8  9 10 |
---------------+-------------------------------+-----
Spellcasting   | 3 4 5 6 7 8 9 |  9.6
Transmutations | 2 3 4 5 7 8 10 | 10.0
Poison Magic   | 4 5 6 7 8 |  8.2
Stealth        | 4 5 6 7 8 |  8.8
Dodging        | 4 5 6 7 8 |  8.2
Short Blades   | 1 2 3 4 5 |  5.4
Hexes          | 1 2 4 5 |  5.3
Fighting       | 1 |  1.7

Action                   |  1- 3 |  4- 6 |  7- 9 | 10-12 || total
-------------------------+-------+-------+-------+-------++-------
Melee: Dagger            |       |   189 |    94 |       ||   283
       Short sword       |       |       |   241 |   108 ||   349
Throw: Dart              |       |     4 |     1 |       ||     5
 Cast: Sting             |    38 |    47 |    28 |    14 ||   127
       Poisonous Vapours |       |    10 |    35 |    10 ||    55
       Corona            |       |       |     3 |       ||     3
       Ignite Poison     |       |       |     1 |       ||     1
       Mephitic Cloud    |       |       |     1 |     4 ||     5
       Summon Guardian G |       |       |       |     2 ||     2
Invok: Curse Item        |       |       |     2 |       ||     2
  Use: Scroll            |     2 |     3 |    10 |       ||    15
 Stab: Sleeping          |       |    11 |    19 |     5 ||    35
       Distracted        |       |     2 |     2 |       ||     4
       Confused          |       |       |       |     4 ||     4
  Eat: Ration            |       |       |     3 |     1 ||     4
Armor: Robe              |     1 |    23 |    39 |    10 ||    73
Dodge: Dodged            |    22 |   171 |   291 |    90 ||   574

Vanquished Creatures
  3 spiny frogs
  4 hippogriffs
  Sigmund (D:4)
  7 yaks
  A basilisk (D:8)
  2 water moccasins (Lair:1)
  Duvessa (D:5)
  4 porcupines
  An orc warrior (D:7)
  2 sky beasts (D:7)
  3 ice beasts
  2 eyes of draining (D:8)
  2 crocodiles
  4 bullfrogs
  Dowan (D:5)
  3 scorpions
  5 wights
  A howler monkey (D:6)
  A crimson imp (D:8)
  3 hounds
  3 orc priests
  A jelly (D:6)
  6 orc wizards
  A centaur skeleton (D:7)
  Ijyb (D:5)
  5 iguanas
  2 killer bee zombies
  5 worker ants
  2 hound skeletons (D:5)
  A worker ant zombie (D:6)
  12 gnolls
  14 adders
  An adder skeleton (D:5)
  2 worms
  2 dart slugs
  8 leopard geckos
  46 orcs
  2 giant cockroaches
  4 goblins
  8 hobgoblins
  6 jackals
  6 quokkas
  2 ball pythons
  5 bats
  5 frilled lizards
  11 kobolds
  A quokka skeleton (D:6)
  7 rats
220 creatures vanquished.

Vanquished Creatures (others)
  An unseen horror (D:8)
  A spiny frog (D:8)
  A blink frog (Lair:1)
  A hippogriff (Lair:1)
  A basilisk (Lair:1)
  A water moccasin (Lair:1)
  A porcupine (D:8)
  A black bear (D:8)
  4 wights
  An iguana (D:8)
  A worker ant (D:8)
  A shadow imp (D:6)
  2 orcs
  A giant cockroach (D:8)
  A goblin (D:1)
  A bush (D:8)
  2 fungi (Lair:1)
  3 plants (D:8)
25 creatures vanquished.

Grand Total: 245 creatures vanquished
